 Dungeon Crawl Stone Soup version 0.28.0-62-gf88900778d (webtiles) character file.

Game seed: 18269112392315622619

65 jjjjhere the Magician (level 3, 0/19 HPs)
             Began as a Deep Elf Venom Mage on Mar 16, 2023.
             Killed by divine providence
             ... invoked by an orc priest
              (11 damage)
             ... on level 3 of the Dungeon.
             The game lasted 00:04:08 (3133 turns).

jjjjhere the Magician (Deep Elf Venom Mage)         Turns: 3133, Time: 00:04:09

Health: 0/19       AC:  2    Str:  4 (5)  XL:     3   Next: 92%
Magic:  11/11      EV: 12    Int: 19 (21) God:
Gold:   68         SH:  0    Dex: 13 (15) Spells: 5/11 levels left

rFire   . . .      SeeInvis .   d - +0 dagger
rCold   . . .      Faith    .   (no shield)
rNeg    . . .      Spirit   .   a - +0 robe
rPois   .          Reflect  .   (no helmet)
rElec   .          Harm     .   (no cloak)
rCorr   .          Rampage  .   (no gloves)
Will    .....                   (no boots)
Stlth   +.........              (no amulet)
HPRegen 0.06/turn               (no ring)
MPRegen 0.12/turn               (no ring)

@: confused
A: no striking features
a: no special abilities


You were on level 3 of the Dungeon.
You visited 1 branch of the dungeon, and saw 3 of its levels.

You collected 118 gold pieces.
You spent 50 gold pieces at shops.

Inventory:

Hand Weapons
 d - a +0 dagger (weapon)
Missiles
 l - 3 boomerangs
Armour
 a - a +0 robe (worn)
 m - the +1 scale mail of the Demon Prince {Rampage MP+9}
   (You found it on level 2 of the Dungeon)

   MP:        It affects your magic capacity (+9).
   Rampage:   It bestows one free step when moving towards enemies.
Jewellery
 i - an amulet of guardian spirit
Wands
 k - a wand of flame (23)
Scrolls
 b - 2 scrolls of identify {unknown}
 h - a scroll of teleportation {unknown}
 n - a scroll of blinking {unknown}
 o - a scroll of noise {unknown}
Potions
 c - a potion of degeneration
 e - a potion of curing {unknown}
 f - a potion of attraction
 g - 4 potions of mutation {unknown}
 j - 3 potions of cancellation {unknown}


   Skills:
 - Level 2.4 Dodging
 - Level 2.4 Stealth
 + Level 4.6 Spellcasting
 - Level 1.1 Transmutations
 + Level 4.4 Poison Magic


You had 5 spell levels left.
You knew the following spells:

 Your Spells              Type           Power      Damage    Failure   Level
a - Sting                 Tmut/Pois      56%        1d5       4%          1
b - Poisonous Vapours     Pois/Air       24%        N/A       8%          2
c - Mephitic Cloud        Conj/Pois/Air  10%        N/A       22%         3

Your spell library contained the following spells:

 Spells                   Type           Power      Damage    Failure   Level
 Olgreb's Toxic Radiance  Pois           21%        N/A       21%         4


Dungeon Overview and Level Annotations

Branches:
Dungeon (3/15)

Altars:
Xom

Shops:
D:2 !


Message History

The sting hits the frilled lizard.
The frilled lizard is poisoned.
You kill the frilled lizard!
Key pressed, stopping explore.
You now have 68 gold pieces (gained 10).
An orc wizard and 2 orc priests come into view.
The orc priest shouts!
You start waiting.
An orc priest is nearby!
You start waiting.
An orc priest is nearby!
You start waiting.
An orc wizard is nearby!
The orc wizard shouts!
You hear a shout!
Aiming: Sting (safe; 4% risk of failure)
Press: ? - help, Q - select action, (/) - cycle Shift-Dir - straight line, f - orc wizard
Aim: an orc wizard, wielding a +0 dagger and wearing a +0 robe (64% to hit)
The sting misses the orc wizard.
The orc wizard gestures at you while chanting.
You are confused.
You're too confused to cast spells.
Unknown command.
You barely miss the orc wizard.
The orc wizard hits you with a +0 dagger.
You bump into the rock wall.
The orc wizard completely misses you.
The orc priest casts a cantrip, but nothing happens.
The orc wizard mumbles some strange words.
The orc wizard flickers and vanishes!
Deactivating autopickup; reactivate with Ctrl-A.
You feel less confused.
A puff of flame appears from out of thin air!
The puff of flame hits you!
Something tries to affect you, but you resist.
You are confused.
You're too confused to move!
You bump into the rock wall.
You bump into the rock wall.
The orc priest mumbles some strange prayers to Beogh against you.
Beogh smites you!
Ouch! That really hurt!
You die...

.. #.#
.# #
#### ..#
# #.# #
#@# #
#.# #
#.# ####
#.#####
...#
#o....#
...#
#.....#
...#
#o....#
####
#.รท...#
#
#.#####


You could see 2 orc priests.

Vanquished Creatures
  2 adders
  A worm (D:2)
  A dart slug (D:1)
  3 ball pythons
  3 endoplasms
  A giant cockroach (D:1)
  2 goblins (D:1)
  4 hobgoblins
  3 jackals (D:1)
  5 quokkas
  3 bats
  4 frilled lizards
  4 kobolds
  6 rats
42 creatures vanquished.

Notes
Turn   | Place    | Note
-------+----------+-------------------------------------------
     0 | D:1      | jjjjhere the Deep Elf Venom Mage began the quest for the
                  | Orb.
     0 | D:1      | Reached XP level 1. HP: 10/10 MP: 6/6
   176 | D:1      | Reached XP level 2. HP: 15/15 MP: 5/8
   179 | D:1      | Learned a level 2 spell: Poisonous Vapours
   220 | D:1      | HP: 4/15 [hobgoblin (3)]
  1384 | D:1      | Found a faded altar of an unknown god.
  1610 | D:2      | Reached XP level 3. HP: 19/19 MP: 7/10
  1635 | D:2      | Learned a level 3 spell: Mephitic Cloud
  1805 | D:2      | Found Koysipraji's Distillery.
  1810 | D:2      | Bought a potion of heal wounds for 50 gold pieces
  1944 | D:2      | Identified the +1 scale mail of the Demon Prince {Rampage
                  | MP+9}
  2482 | D:2      | HP: 5/19 [poisoned by an adder]
  2485 | D:2      | HP: 2/19 [poisoned by an adder]
  2817 | D:3      | Found a faded altar of an unknown god.
  2820 | D:3      | Found a shimmering altar of Xom.
  3133 | D:3      | Killed from afar by an orc priest

Illustrated notes

Levels and vault maps discovered:
D:1:      saegor_arrival_simple_e, layout_basic,
          shapermc_ecumenical_altar_mp_ritualfount,
          chequers_serial_rivers_micro_c
D:2:      layout_basic, serial_shops, nicolae_square_shop,
          hangedman_decor_points
D:3:      layout_basic, nicolae_overflow_ecumenical_swirl

Skill      XL: |  1  2 |
---------------+-------+-----
Spellcasting   | 4 |  4.6
Poison Magic   | 4 |  4.4
Dodging        | |  2.4
Stealth        | |  2.4
Transmutations | |  1.1

Action                   || total
-------------------------++-------
Melee: Dagger            ||    25
       Unarmed           ||     1
 Cast: Sting             ||    78
       Poisonous Vapours ||     6
  Use: Potion            ||     4
Armor: Robe              ||     9
Dodge: Dodged            ||    31
